 Dungeon Crawl Stone Soup version 0.19.4 (webtiles) character file.

337 Jerry the Insei (level 6, -2/38 HPs)
             Began as an Octopode Transmuter on Jan 30, 2017.
             Killed from afar by kwasso's ghost (6 damage)
             ... with a magic dart
             ... on level 3 of the Dungeon.
             The game lasted 00:05:20 (2876 turns).

Jerry the Insei (Octopode Transmuter)               Turns: 2876, Time: 00:05:20

Health: -2/38      AC:  1    Str:  9    XL:     6   Next: 54%
Magic:  18/18      EV: 15    Int: 15    God:
Gold:   85         SH:  0    Dex: 15    Spells: 2 memorised, 5 levels left

rFire  . . .     SeeInvis .       - Unarmed
rCold  . . .     Gourm    .     (no shield)
rNeg   . . .     Faith    .     (helmet restricted)
rPois  .         Spirit   .     j - amulet of magic regeneration
rElec  .         Reflect  .     o - ring of magical power
rCorr  .         Harm     .     (no ring)
MR     .....                    (no ring)
Stlth  +++.......               (no ring)
                                (no ring)
                                (no ring)
                                (no ring)
                                (no ring)

@: appendage
A: almost no armour, stealthy swim, amphibious, 8 rings, constrict 8, tentacle
spike 3, camouflage 1, gelatinous body 1
a: End Transformation


You were on level 3 of the Dungeon.
You were not hungry.
One of your tentacles had a temporary spike.
You visited 1 branch of the dungeon, and saw 3 of its levels.

You collected 85 gold pieces.

Inventory:

Missiles
 a - 38 arrows
Jewellery
 j - an amulet of magic regeneration (around mantle)
 o - a ring of magical power (left tentacle)
Scrolls
 d - a scroll of enchant armour {unknown}
 h - 4 scrolls of identify {unknown}
 i - a scroll of random uselessness {unknown}
 l - a scroll of magic mapping {unknown}
 p - a scroll of remove curse {unknown}
Potions
 e - a potion of might {unknown}
 f - a potion of flight {unknown}
 g - 2 potions of curing {unknown}
 k - a potion of heal wounds {unknown}
 n - a potion of haste {unknown}
 s - a potion of brilliance {unknown}
Books
 b - a book of Changes

   Spells                             Type                      Level
   a - Beastly Appendage              Transmutation                1
   b - Sticks to Snakes               Transmutation                2
   c - Spider Form                    Transmutation/Poison         3
   d - Ice Form                       Ice/Transmutation            4
   e - Blade Hands                    Transmutation                5
Comestibles
 c - 3 bread rations
 m - a beef jerky
 q - 8 chunks of flesh
 r - a meat ration


   Skills:
 - Level 1.0 Fighting
 + Level 3.5 Dodging
 + Level 3.5 Stealth
 * Level 5.2 Unarmed Combat
 - Level 2.0 Spellcasting
 + Level 3.2 Transmutations


You had 5 spell levels left.
You knew the following spells:

 Your Spells              Type           Power        Failure   Level  Hunger
a - Beastly Appendage     Tmut           ##....       8%          1    #......
b - Spider Form           Tmut/Pois      #.........   34%         3    ###....


Dungeon Overview and Level Annotations

Branches:
Dungeon (3/15)

Altars:

Annotations:
D:3 kwasso's ghost, weakling DrCj


Innate Abilities, Weirdness & Mutations

You cannot wear most types of armour.
You are very stealthy in the water. (Stealth+)
You are amphibious.
You can wear up to eight rings at the same time.
You can use your tentacles to constrict eight enemies at once.
Your skin changes colour to match your surroundings (Stealth+).
Your rubbery body absorbs attacks. (AC +1, EV +1)
One of your tentacles bears a large vicious spike.


Message History

Kwasso's ghost is heavily damaged.
Kwasso's ghost hits you.
* * * LOW HITPOINT WARNING * * *
You closely miss kwasso's ghost.
Your tentacle spike misses kwasso's ghost.
Your squeeze misses kwasso's ghost.
Kwasso's ghost is heavily damaged.
Kwasso's ghost misses you.
You tentacle-slap kwasso's ghost.
You pierce kwasso's ghost, but do no damage.
Kwasso's ghost is severely damaged.
Kwasso's ghost casts a spell at you. The magic dart hits you!
* * * LOW HITPOINT WARNING * * *
You tentacle-slap kwasso's ghost but do no damage.
Your squeeze misses kwasso's ghost.
Kwasso's ghost is severely damaged.
Kwasso's ghost points at you and mumbles some strange words.
The magic dart hits you!
You die...

#.### #................# #S#
##########.#####S. ...
..#.###.# ## #.. ..... ..#
.. ### ###.#.###.# .#
#.....###.##.#
#.#...##.....#
..#'#.!.<........#
.......@..##.....#
.#......W#..##..(..#
.#.......+....).##.#
)#.......#..###)# .#
#######.#.......##.###.# #
........####>..##......#..
.##....#####...#...>.......#
.#...........?.#......##...#
.#..........# #.......#
....#


You could see kwasso's ghost.

Vanquished Creatures
  Sigmund (D:3)
  An orc wizard (D:3)
  An iguana (D:3)
  4 adders
  3 dart slugs
  4 orcs (D:3)
  11 bats
  6 giant cockroaches
  6 goblins
  5 hobgoblins
  3 jackals (D:1)
  2 quokkas
  A ball python (D:2)
  3 frilled lizards
  8 kobolds
  10 rats
69 creatures vanquished.

Notes
Turn   | Place    | Note
-------+----------+-------------------------------------------
     0 | D:1      | Jerry the Octopode Transmuter began the quest for the Orb.
     0 | D:1      | Reached XP level 1. HP: 13/13 MP: 3/3
   356 | D:1      | Reached skill level 1 in Stealth
   356 | D:1      | Reached XP level 2. HP: 15/18 MP: 3/5
   878 | D:1      | Reached XP level 3. HP: 23/23 MP: 6/6
  1126 | D:2      | Learned a level 3 spell: Spider Form
  1526 | D:2      | Reached skill level 4 in Unarmed Combat
  1526 | D:2      | Reached XP level 4. HP: 20/28 MP: 4/7
  2322 | D:3      | Noticed kwasso's ghost (weakling DrCj)
  2601 | D:3      | Noticed Sigmund
  2615 | D:3      | Killed Sigmund
  2615 | D:3      | Reached skill level 5 in Unarmed Combat
  2615 | D:3      | Reached XP level 5. HP: 19/33 MP: 8/8
  2615 | D:3      | Reached XP level 6. HP: 22/38 MP: 9/9
  2876 | D:3      | Killed from afar by kwasso's ghost

Skill      XL: |  1  2  3  4 |
---------------+-------------+-----
Stealth        | 1 3 |  3.5
Unarmed Combat | 4 5 |  5.2
Dodging        | 3 |  3.5
Transmutations | 3 |  3.2
Fighting       | |  1.0
Spellcasting   | |  2.0

Action                   |  1- 3 |  4- 6 || total
-------------------------+-------+-------++-------
Melee: Unarmed           |    77 |    99 ||   176
       Constrict         |    19 |    24 ||    43
       Tentacles         |    11 |    14 ||    25
       Kick              |     6 |    11 ||    17
       Punch             |       |     4 ||     4
 Cast: Beastly Appendage |     4 |     4 ||     8
       Spider Form       |     1 |     1 ||     2
 Stab: Sleeping          |     9 |     3 ||    12
       Distracted        |       |     1 ||     1
  Eat: Chunk             |     2 |     5 ||     7
Armor: Skin              |    10 |    11 ||    21
Dodge: Dodged            |    58 |    91 ||   149
